 Dungeon Crawl Stone Soup version 0.25-a0-398-g1920f1ac21 (webtiles) character file.

Game seed: 15322813403715851453, levelgen mode: deterministic

473 MordorOrchid the Chopper (level 6, -3/61 HPs)
             Began as a Troll Chaos Knight on Jan 8, 2020.
             Was a Plaything of Xom.
             Slain by a steam dragon (10 damage)
             ... on level 5 of the Dungeon.
             The game lasted 00:06:42 (2102 turns).

MordorOrchid the Chopper (Troll Chaos Knight)       Turns: 2102, Time: 00:06:42

Health: -3/61      AC: 10    Str: 24    XL:     6   Next: 84%
Magic:  5/5        EV:  8    Int: 10    God:    Xom [....*.]
Gold:   69         SH:  8    Dex: 10    Spells: 5/5 levels left

rFire    + . .     SeeInvis .   a - +0 hand axe (chaos)
rCold    . . .     Gourm    +   t - +0 shield
rNeg     . . .     Faith    .   b - +2 robe
rPois    .         Spirit   .   j - +1 hat
rElec    .         Reflect  .   n - +0 cloak
rCorr    +         Harm     .   (gloves unavailable)
MR       .....                  (boots unavailable)
Stlth    +.........             (no amulet)
HPRegen  0.60/turn              k - ring of resist corrosion
MPRegen  0.09/turn              (no ring)

@: about to teleport, flying
A: large, unfitting armour, claws 3, clever 1, fire resistance 1, fast
metabolism 3, gourmand, regeneration 1, shaggy fur 1, strong 1, tough skin 3
a: Renounce Religion


You were on level 5 of the Dungeon.
You worshipped Xom.
You were a beloved toy of Xom.
You were completely stuffed.

You visited 1 branch of the dungeon, and saw 5 of its levels.

You collected 69 gold pieces.

Inventory:

Hand Weapons
 a - a +0 hand axe of chaos (weapon)
 r - a +0 hunting sling
Missiles
 h - 49 sling bullets
 s - 101 stones (quivered)
 y - 5 boomerangs
Armour
 b - a +2 robe (worn)
 j - a +1 hat (worn)
 n - a +0 cloak (worn)
 t - a +0 shield (worn)
Jewellery
 k - a ring of resist corrosion (left claw)
Wands
 d - a wand of enslavement (3)
Scrolls
 e - 3 scrolls of amnesia
 g - 4 scrolls of remove curse
 l - 2 scrolls of identify {unknown}
 p - a scroll of enchant armour {unknown}
 v - a scroll of enchant weapon {unknown}
 z - a scroll of noise {unknown}
Potions
 f - a potion of curing
 i - a potion of haste {unknown}
 o - a potion of heal wounds {unknown}
 q - a potion of brilliance
 x - a potion of ambrosia {unknown}
Comestibles
 c - 8 rations
 u - 2 chunks of flesh


   Skills:
 - Level 3.0 Fighting
 * Level 4.7 Axes
 * Level 1.4 Throwing
 * Level 1.5 Armour
 * Level 3.2 Dodging
 * Level 1.2 Shields


You had 5 spell levels left.
You didn't know any spells.
Your spell library was empty.

Dungeon Overview and Level Annotations

Branches:
Dungeon (5/15)
 Temple: D:4-7

Altars:


Innate Abilities, Weirdness & Mutations

You are too large for most types of armour.
You have claws for hands.
Your metabolism is lightning-fast.
You like to eat raw meat.
Your natural rate of healing is unusually fast.
You are covered in fur. (AC +1)
You have extremely tough skin. (AC +3)
Your mind is acute. (Int +2)
Your flesh is heat resistant. (rF+)
Your muscles are strong. (Str +2)


Message History

Something claws you but does no damage.
You closely miss something. Something bites you!
* * * LOW HITPOINT WARNING * * *
Something claws you but does no damage.
You barely miss something. Something bites you.
* * * LOW HITPOINT WARNING * * *
Something claws you.
* * * LOW HITPOINT WARNING * * *
Unknown command.
You feel better. Something bites you!
* * * LOW HITPOINT WARNING * * *
Something claws you but does no damage.
It was a potion of flight.
You feel very buoyant.
You fly up into the air.
Xom thinks this is hilarious!
Something bites you but does no damage. Something claws you but does no damage.
As you read the scroll of teleportation, it crumbles to dust.
You feel strangely unstable. Something bites you!
You die...

#.##.#.#
#.##.#.#
#<.....#
####.###
#.# #.# #.#
#.#######.#
#......@{.#
###########


There were no monsters in sight!

Vanquished Creatures
  An ogre (D:3)
  Blork the orc (D:4)
  A scorpion (D:4)
  A bullfrog skeleton (D:4)
  An orc wizard (D:4)
  3 worker ants (D:4)
  Robin (D:4)
  4 adders
  An ooze (D:3)
  3 worms
  A dart slug (D:2)
  4 orcs
  2 giant cockroaches
  14 hobgoblins
  6 jackals
  8 kobolds
  6 bats
  7 frilled lizards
  15 goblins
  A leopard gecko skeleton (D:4)
  8 rats
89 creatures vanquished.

Vanquished Creatures (collateral kills)
  An adder (D:4)
  An orc (D:4)
  2 goblins (D:4)
4 creatures vanquished.

Grand Total: 93 creatures vanquished

Notes
Turn   | Place    | Note
-------+----------+-------------------------------------------
     0 | D:1      | MordorOrchid the Troll Chaos Knight began the quest for the
                  | Orb.
     0 | D:1      | Reached XP level 1. HP: 22/22 MP: 0/0
    84 | D:1      | Reached XP level 2. HP: 29/29 MP: 1/1
   254 | D:1      | Reached XP level 3. HP: 36/36 MP: 2/2
   522 | D:2      | Reached skill level 3 in Axes
   712 | D:2      | XOM: mild Conj miscast
   901 | D:3      | XOM: silly message
   911 | D:3      | Reached XP level 4. HP: 17/45 MP: 3/3
   916 | D:3      | XOM: divination: detect items
  1475 | D:3      | Noticed an ogre
  1480 | D:3      | XOM: cast spell 'Olgreb's Toxic Radiance'
  1486 | D:3      | Killed an ogre
  1486 | D:3      | Reached skill level 1 in Armour
  1486 | D:3      | Reached XP level 5. HP: 26/53 MP: 4/4
  1548 | D:3      | Reached skill level 4 in Axes
  1588 | D:3      | XOM: 2-stop teleportation journey
  1654 | D:4      | Reached skill level 1 in Throwing
  1683 | D:4      | XOM: summons friendly quasit
  1686 | D:4      | Reached XP level 6. HP: 56/61 MP: 5/5
  1769 | D:4      | Reached skill level 1 in Shields
  1822 | D:4      | Noticed Robin
  1829 | D:4      | Killed Robin
  1833 | D:4      | Noticed Blork the orc
  1843 | D:4      | XOM: give mutations
  1843 | D:4      | Gained mutation: Your mind is acute. (Int +2) [Xom's grace]
  1843 | D:4      | Gained mutation: Your flesh is heat resistant. (rF+) [Xom's
                  | grace]
  1843 | D:4      | Gained mutation: Your muscles are strong. (Str +2) [Xom's
                  | grace]
  1851 | D:4      | Killed Blork the orc
  1862 | D:4      | XOM: harmless Erth miscast
  1925 | D:4      | XOM: cloud trail
  2069 | D:4      | Noticed a steam dragon
  2069 | D:4      | a worker ant changed into a steam dragon
  2084 | D:5      | Entered Level 5 of the Dungeon
  2102 | D:5      | Slain by a steam dragon

Levels and vault maps discovered:
D:1:      kennysheep_arrival_seaside, layout_rooms, minmay_tiny_reverse_x
D:2:      layout_basic, mrwooster_statue_mirror
D:3:      kennysheep_six_static_rooms, layout_basic
D:4:      layout_loops_corners, grunt_ministairs_14, kennysheep_generic_room_14,
          uniq_blork_the_orc, uniq_robin
D:5:      layout_loops_corners, enter_ossuary_1, first_ration,
          minmay_misc_feat_ornament, uniq_grinder, uniq_edmund

Skill      XL: |  1  2  3  4  5  6 |
---------------+-------------------+-----
Dodging        | 2 3 |  3.2
Axes           | 3 4 |  4.7
Fighting       | 3 |  3.0
Armour         | 1 |  1.5
Throwing       | 1 |  1.4
Shields        | 1 |  1.2

Action                   |  1- 3 |  4- 6 || total
-------------------------+-------+-------++-------
Melee: Hand axe          |   145 |   166 ||   311
Evoke: Wand              |       |     1 ||     1
  Use: Scroll            |     3 |     1 ||     4
       Potion            |       |     4 ||     4
 Stab: Paralysed         |     1 |     1 ||     2
       Petrified         |     5 |       ||     5
       Petrifying        |     1 |       ||     1
  Eat: Chunk             |    14 |    12 ||    26
Armor: Robe              |    69 |    61 ||   130
Dodge: Dodged            |    81 |    62 ||   143
Block: Shield            |       |    42 ||    42

Table legend:
 A = Non-vault XP
 B = Vault XP
 C = Vault XP percentage of total XP
 D = Non-vault monster count
 E = Vault monster count
 F = Vault count percentage of total count
                 A         B        C        D         E       F
            +---------+---------+-------+---------+---------+-------
      Total |     514 |     163 |  24.1 |      73 |      20 |  21.5
            +---------+---------+-------+---------+---------+-------
        D:1 |      43 |       4 |   8.5 |      26 |       2 |   7.1
        D:2 |      45 |       0 |   0.0 |      18 |       0 |   0.0
        D:3 |     181 |       9 |   4.7 |      17 |       4 |  19.0
        D:4 |     245 |     150 |  38.0 |      12 |      14 |  53.8
            +---------+---------+-------+---------+---------+-------
